Chill, chaotic female human Wizard -------- -------------- +......| |/?*=!..!.*!?| |..(...| ---------- |[*%.*!.[(!)[| |.......## |........| |?[[/%.?/.[!.| ###################-......|## ......<... |......?...I.| # |......|# ---.------ ----------|--- ### #.......|# # ##( # ### . .---# ### # `############################## # ### ### # # # # -----------# # ######### # ## # #..........|# # -.---.- -----.------### ###|.........|# # |.>...| |...........###########|.........|# ### ......| |..........| ### |.........|# -|--- |.....| |.....[...(| |.........|# |...| ------- |........... |..........# |...| |..........| ----------- |.).| ------------ ----- Chill the Conjurer Experience level: 3 Strength: 12 Dexterity: 13 Constitution: 14 Intelligence: 18 Wisdom: 12 Charisma: 9 Health: 0(29) Energy: 18(24) Def: 1 Gold: 0 Moves: 1870 Dungeon seed: nAIeQ9aswpMpp2TI Game ID: Chill_1480447932 Your Inventory: Weapons a - a blessed burnt +1 quarterstaff (weapon in hands) Armor e - an uncursed +0 cloak of magic resistance (being worn) Comestibles o - 3 uncursed pears A - 2 uncursed food rations Scrolls i - a blessed scroll of identify k - an uncursed scroll of light p - an uncursed scroll of enchant weapon t - a cursed scroll of remove curse B - an uncursed scroll of remove curse Spellbooks l - a blessed spellbook of force bolt m - an uncursed spellbook of sleep Potions f - an uncursed potion of fruit juice g - an uncursed potion of gain energy s - an uncursed potion of sleeping x - an uncursed potion of sickness Rings c - an uncursed +1 ring of adornment (on right hand) d - an uncursed ring of poison resistance (on left hand) u - an uncursed ring of protection from shape changers Wands b - a wand of slow monster (0:5) Tools n - an uncursed blindfold y - an uncursed sack Gems q - an uncursed worthless piece of violet glass Contents of the sack: an uncursed scroll of identify Spells and supernatural/magical abilities: Name Level Category Fail Memory a - force bolt 1 attack 0% 91% z - sleep 1 enchantment 0% 91% W - pray for help -- divine ? -- Your skills at the end: Fighting Skills Weapon Skills quarterstaff [Basic] Spellcasting Skills attack spells [Basic] enchantment spells [Basic] Final Attributes: You were piously aligned. You were poison resistant. You were magic-protected. You were adorned. You are dead. Vanquished creatures: 4 geckos 7 jackals 2 goblins 4 sewer rats 3 grid bugs 3 lichens 3 kobold zombies 4 newts 30 creatures vanquished. Voluntary challenges: You used a wielded weapon 30 times, starting on turn 3. You were illiterate. You never genocided any monsters. You never polymorphed an object. You never changed form. You used no wishes. You never split a pudding. You never wrote Elbereth's name. You never violated your personal moral code. Dungeon overview: The Dungeons of Doom: levels 1 to 4 Level 1 a fountain a long staircase Level 2 a long staircase Level 3 an altar to Ptah Level 4 <- You were here a general store History has recorded: On T:1 you entered the Dungeons of Doom to retrieve the Amulet of Yendor! On T:373 you reached level 2 of The Dungeons of Doom. On T:479 you advanced to experience level 2. On T:786 you reached level 3 of The Dungeons of Doom. On T:1526 you reached level 4 of The Dungeons of Doom. On T:1578 you advanced to experience level 3. Score breakdown: Gold: 0 ( 0 points) Experience: 3 levels ( 7878 points) Exploration: 4 levels ( 8.51%) ( 7661 points) Discoveries: 1 item ( 0.35%) ( 1770 points) Valuables value: (no points given unless you survive) Artifact value: 0 ( 0 points) Variety of kills: 8 monsters ( 2.10%) ( 4347 points) Turncount: 1870 turns ( 0 points) Survival: died (score multiplied by 80%) Total score: 17324 Latest messages: You see here a magenta potion (133 zorkmids). The kitten picks up a scroll. You see here a pick-axe. The kitten drops a scroll. "Hello, Chill! Welcome again to Wonotobo's general store!" B - a scroll labeled YUM YUM. There is nothing here to pick up. You see here a pick-axe. "Hello, Chill! Welcome again to Wonotobo's general store!" The kitten picks up a magenta potion. The spell hits the small mimic! A fizzy potion shatters! You owe Wonotobo 88 zorkmids for it! Wonotobo gets angry! Wonotobo zaps a uranium wand! The sleep ray hits you! Boing! (5x) It hits! You die... Wonotobo takes all your possessions. Final status: Goodbye Chill the Wizard, killed by a Ms. Wonotobo, the shopkeeper, while sleeping... You died in The Dungeons of Doom on dungeon level 4 with 17324 points, and 0 pieces of gold, after 1870 moves. You were level 3 with a maximum of 29 hit points when you died.